Map: [ESL] Goldenaura

Players

YoungYakov - Winner!

  • Race: Zerg Zerg
  • Spawn Location: 12:00

Wayne

  • Race: Zerg Zerg
  • Spawn Location: 5:00

Event: ESL SC2 Masters 2023 Winter (Regional)

VOD

Have the link to the VOD?

Description

Time

  • Played on: Oct. 27, 2023, 9:59 a.m.
  • Length: 4:23

All games in this series

Show
View Real Time Build Order
Export as new Build Order

YoungYakov Zerg - Winner!

Build Orders: Pool First 

Get SALT Encoding   

  12  0:00  Drone  
  13  0:12  Overlord  
  13  0:17  Drone  
  14  0:31  Drone x2  
  16  0:40  Spawning Pool  
  15  0:43  Drone  
  15  0:46  Extractor  
  16  0:50  Drone  
  16  1:12  Hatchery  
  16  1:16  Drone  
  16  1:27  Zergling x4  
  16  1:30  Zergling x2  
  19  1:41  Queen  
  21  1:49  Metabolic Boost  
  21  1:56  Overlord  
  21  2:02  Zergling x2  
  22  2:15  Zergling x4  
  24  2:17  Queen  
  28  2:30  Zergling x2  
  28  2:36  Zergling x4  
  31  2:42  Zergling x2  
  29  2:45  Zergling x2  
  29  2:47  Zergling x2  
  29  2:51  Zergling x6  
  33  2:59  Overlord  
  33  3:03  Zergling x2  
  34  3:10  Zergling x2  
  35  3:17  Overlord  
  34  3:21  Zergling x6  
  34  3:24  Zergling x4  
  39  3:28  Zergling x2  
  39  3:33  Zergling x4  
  39  3:35  Zergling x2  
  33  3:47  Zergling x6  
  33  3:53  Drone  
  33  3:58  Drone  
  34  4:05  Zergling x6  
Show
View Real Time Build Order
Export as new Build Order

Wayne Zerg 

Build Orders: Hatch First 

Get SALT Encoding   

  12  0:00  Drone  
  13  0:12  Overlord  
  13  0:16  Drone  
  14  0:30  Drone x2  
  16  0:47  Hatchery  
  15  0:51  Drone  
  15  0:54  Drone  
  17  0:57  Drone  
  18  1:08  Extractor  
  17  1:13  Spawning Pool  
  17  1:16  Drone  
  17  1:20  Drone  
  18  1:28  Drone  
  19  1:38  Drone  
  20  1:49  Drone  
  21  1:59  Queen x2  
  21  2:00  Zergling x2  
  21  2:01  Overlord  
  26  2:10  Drone  
  26  2:11  Zergling x2  
  26  2:15  Metabolic Boost  
  28  2:30  Zergling x2  
  28  2:31  Drone  
  28  2:36  Drone x2  
  31  2:43  Drone  
  31  2:44  Drone  
  32  2:58  Drone  
  32  2:59  Drone  
  32  3:02  Hatchery  
  32  3:05  Overlord  
  33  3:06  Drone  
  33  3:09  Drone  
  35  3:20  Evolution Chamber  
  34  3:28  Drone  
  34  3:29  Drone  
  34  3:32  Zergling x8  
  31  3:40  Drone x2  
  22  3:47  Queen  
  23  3:51  Drone x2  
  24  3:57  Zergling x2  
  24  4:01  Zergling x2  
  26  4:05  Zergling x2  
Tags
 
Add a new tag
Caveats
  • Supply blocks, unpowered buildings, or Contaminate may cause inaccurate times.
  • Supply counts are checked every 10 seconds.